Map: Odyssey LE

Players

llllllllllll

  • Race: Terran Terran
  • League: Grandmaster
  • Spawn Location: 11:00

NORTHAMERICA - Winner!

  • Race: Protoss Protoss
  • League: Grandmaster
  • Spawn Location: 5:00

VOD

Have the link to the VOD?

Description

Time

  • Played on: June 22, 2017, 2:38 a.m.
  • Length: 10:51
Show
View Real Time Build Order
Export as new Build Order

llllllllllll Terran 

Build Orders: Liberator Opening, Reaper Expand, MMM Bio 

Get SALT Encoding   

  12  0:00  SCV  
  13  0:12  SCV  
  14  0:17  Supply Depot  
  14  0:25  SCV  
  15  0:29  Refinery  
  15  0:39  SCV  
  16  0:45  Barracks  
  16  0:51  SCV  
  17  1:03  SCV  
  18  1:15  SCV  
  19  1:32  Orbital Command, Reaper  
  20  1:46  Command Center  
  20  1:58  SCV  
  20  2:01  Factory  
  21  2:07  Barracks Reactor  
  21  2:10  SCV  
  21  2:14  Supply Depot  
  22  2:22  SCV  
  23  2:23  Refinery  
  23  2:36  SCV  
  24  2:44  Marine x2  
  23  2:45  Starport  
  23  2:48  SCV  
  23  2:50  Widow Mine  
  28  2:57  Orbital Command  
  28  3:00  SCV  
  28  3:03  Marine  
  28  3:04  Marine  
  31  3:14  SCV  
  35  3:25  SCV  
  35  3:26  SCV, Widow Mine  
  34  3:27  Medivac, Marine x2  
  34  3:32  Supply Depot  
  40  3:38  SCV x2  
  42  3:46  Liberator  
  42  3:49  Marine x2  
  42  3:50  SCV x2  
  42  3:55  Supply Depot  
  46  3:56  Cyclone  
  46  4:02  SCV  
  50  4:03  SCV  
  54  4:10  Barracks  
  54  4:16  Marine x2  
  56  4:21  SCV x2, Engineering Bay  
  58  4:25  Supply Depot  
  58  4:32  Barracks  
  58  4:34  SCV x2  
  60  4:40  Refinery  
  60  4:42  Factory Tech Lab  
  60  4:49  SCV x2  
  60  4:51  Starport Tech Lab, Marine x2  
  62  5:02  Terran Infantry Weapons Level 1  
  62  5:03  SCV x2  
  62  5:04  Missile Turret  
  62  5:05  Refinery  
  62  5:06  Supply Depot  
  64  5:14  Stimpack, Marine x3  
  65  5:16  SCV, Factory Reactor  
  65  5:20  SCV  
  65  5:21  Starport Reactor  
  65  5:29  SCV  
  65  5:32  SCV  
  65  5:33  Marine x4  
  71  5:41  Combat Shields  
  71  5:45  Barracks x2  
  71  5:56  Supply Depot  
  71  5:59  Supply Depot  
  71  6:00  Starport  
  71  6:09  Marine x2, Marauder x2  
  71  6:10  Viking x2  
  78  6:14  Supply Depot  
  78  6:15  Supply Depot  
  78  6:28  Marine x2  
  78  6:31  Marauder x2  
  84  6:33  Barracks Reactor, Barracks Tech Lab  
  84  6:40  Viking x4  
  92  6:50  Supply Depot  
  92  6:51  Marauder  
  92  6:52  Marine x2, Marauder  
  98  6:55  Supply Depot  
  98  6:56  Terran Infantry Armor Level 1  
  98  7:00  Concussive Shells  
  98  7:10  Marine x4  
  98  7:12  Medivac x2  
  106  7:18  Marauder x3  
  112  7:24  Supply Depot  
  112  7:35  Marine  
  112  7:36  Marine x3  
  116  7:39  Marauder  
  116  7:40  Marauder x2  
  122  7:57  Marine x4  
  126  8:01  Marauder x3  
  126  8:02  Medivac  
  134  8:07  Supply Depot  
  134  8:08  Supply Depot  
  134  8:12  Liberator  
  133  8:20  Marine  
  134  8:29  Medivac, Marine x2, Marauder x2  
  134  8:30  Marauder  
  136  8:35  Marine  
  136  8:38  Marine  
  130  8:46  Marine  
  124  8:50  Marauder  
  124  8:51  Marauder  
  124  8:52  Marauder  
  95  9:02  Liberator x3  
  79  9:03  Marine x2  
  79  9:04  Marine x2  
  77  9:12  Marauder x2  
  77  9:13  Marauder  
  80  9:22  Medivac  
  91  9:27  Marine x4  
  95  9:33  Marauder x2  
  95  9:34  Marauder  
  101  9:43  Supply Depot  
  101  9:45  Marine x4  
  105  9:54  Marauder  
  105  9:55  Marauder  
  105  9:56  Marauder  
  105  9:57  Medivac  
  113  10:02  Medivac, Marine x2  
  113  10:03  Marine x2  
  88  10:16  Marauder x2  
  88  10:17  Marauder  
  88  10:20  Marine x3  
  88  10:21  Marine  
Show
View Real Time Build Order
Export as new Build Order

NORTHAMERICA Protoss - Winner!

Build Orders: 1 Gate Expand, Double Forge, Colossus Rush 

Get SALT Encoding   

  12  0:01  Probe (Chrono Boost)  
  13  0:11  Probe (Chrono Boost)  
  14  0:18  Pylon  
  14  0:22  Probe (Chrono Boost)  
  15  0:36  Probe (Chrono Boost)  
  15  0:37  Gateway  
  16  0:47  Probe (Chrono Boost)  
  16  0:48  Assimilator  
  17  0:57  Probe (Chrono Boost)  
  18  1:08  Probe (Chrono Boost)  
  19  1:20  Nexus  
  19  1:32  Cybernetics Core  
  19  1:34  Probe (Chrono Boost)  
  20  1:41  Assimilator  
  20  1:44  Probe (Chrono Boost)  
  21  1:50  Pylon  
  21  1:55  Probe (Chrono Boost)  
  22  2:05  Probe (Chrono Boost)  
  23  2:14  Adept  
  25  2:16  Mothership Core (Chrono Boost)  
  27  2:23  Warp Gate  
  27  2:33  Probe (Chrono Boost)  
  27  2:34  Probe (Chrono Boost)  
  29  2:43  Probe (Chrono Boost)  
  30  2:45  Probe (Chrono Boost)  
  30  2:48  Robotics Facility  
  31  2:54  Probe (Chrono Boost)  
  31  2:56  Probe (Chrono Boost)  
  33  3:04  Probe (Chrono Boost)  
  34  3:06  Probe (Chrono Boost)  
  34  3:10  Gateway  
  34  3:12  Gateway  
  35  3:15  Probe (Chrono Boost)  
  35  3:17  Probe (Chrono Boost)  
  37  3:25  Probe (Chrono Boost)  
  38  3:27  Probe (Chrono Boost)  
  38  3:31  Pylon  
  39  3:36  Probe (Chrono Boost)  
  39  3:38  Probe (Chrono Boost)  
  41  3:46  Probe (Chrono Boost)  
  42  3:48  Probe (Chrono Boost)  
  42  3:49  Robotics Bay, Observer (Chrono Boost)  
  42  3:53  Assimilator  
  44  3:55  Probe  
  44  3:56  Assimilator  
  44  4:00  Probe  
  46  4:04  Pylon  
  46  4:06  Probe  
  46  4:07  Pylon  
  48  4:10  Observer (Chrono Boost)  
  48  4:12  Probe  
  48  4:16  Probe  
  50  4:24  Probe (Chrono Boost)  
  50  4:28  Probe (Chrono Boost)  
  50  4:29  Pylon, Stalker x2  
  50  4:30  Stalker  
  58  4:36  Probe (Chrono Boost), Colossus (Chrono Boost)  
  65  4:54  Forge  
  65  4:55  Forge  
  65  5:03  Extended Thermal Lance (Chrono Boost)  
  65  5:10  Nexus  
  65  5:14  Probe, Pylon  
  65  5:20  Probe  
  67  5:26  Probe  
  68  5:29  Gateway  
  68  5:30  Gateway  
  68  5:33  Probe  
  69  5:37  Stalker  
  69  5:38  Stalker x2  
  75  5:43  Protoss Ground Weapons Level 1 (Chrono Boost)  
  75  5:45  Protoss Ground Armor Level 1 (Chrono Boost)  
  75  5:50  Probe  
  75  5:56  Pylon  
  76  5:58  Colossus (Chrono Boost)  
  82  6:10  Probe  
  83  6:12  Probe  
  83  6:14  Twilight Council  
  83  6:15  Pylon  
  84  6:22  Probe  
  85  6:26  Probe  
  85  6:27  Probe, Pylon  
  85  6:29  Pylon  
  87  6:34  Probe  
  87  6:36  Adept x3  
  87  6:37  Probe  
  87  6:38  Probe  
  96  6:44  Blink (Chrono Boost)  
  96  6:46  Probe  
  96  6:49  Disruptor (Chrono Boost)  
  96  6:50  Probe  
  96  6:51  Zealot x2  
  96  6:54  Probe  
  104  7:01  Stalker x3  
  109  7:04  Assimilator  
  109  7:08  Assimilator  
  111  7:17  Pylon  
  111  7:19  Pylon  
  111  7:21  Zealot, Pylon  
  111  7:22  Disruptor (Chrono Boost)  
  116  7:23  Pylon  
  116  7:28  Probe  
  117  7:36  Zealot  
  117  7:38  Protoss Ground Weapons Level 2 (Chrono Boost)  
  117  7:39  Protoss Ground Armor Level 2 (Chrono Boost)  
  117  7:40  Adept x3  
  117  7:43  Photon Cannon  
  123  7:53  Disruptor (Chrono Boost)  
  123  7:56  Pylon  
  126  8:00  Stalker x3  
  126  8:01  Stalker x2  
  134  8:09  Pylon  
  132  8:23  Zealot  
  132  8:25  Adept x4  
  132  8:26  Disruptor (Chrono Boost)  
  120  8:40  Adept x4  
  86  8:59  Disruptor (Chrono Boost)  
  86  9:00  Adept x4  
  86  9:01  Adept  
  85  9:10  Probe  
  85  9:11  Probe  
  87  9:18  Nexus  
  87  9:20  Pylon  
  87  9:21  Pylon  
  87  9:22  Probe x2  
  87  9:23  Stalker x4  
  97  9:31  Stalker, Disruptor (Chrono Boost)  
  102  9:40  Dark Shrine  
  102  9:47  Adept x2  
  102  9:49  Mothership Core  
  97  10:14  Adept x3  
  97  10:15  Adept x2  
  91  10:38  Stalker x5  
Tags
 
Add a new tag
Caveats
  • Supply blocks, unpowered buildings, or Contaminate may cause inaccurate times.
  • Supply counts are checked every 10 seconds.